 Dungeon Crawl Stone Soup version 0.31-a0-1002-g8e65716e6e (webtiles) character file.

Game seed: 1967319253730107615

14000 Gargoyl the Protected (level 12, -2/73 HPs)
             Began as a Gargoyle Berserker on Nov 10, 2023.
             Was a Priest of Trog.
             Slain by a boulder beetle (8 damage)
             ... on level 10 of the Dungeon.
             The game lasted 00:12:42 (7959 turns).

Gargoyl the Protected (Gargoyle Berserker)          Turns: 7959, Time: 00:12:42

Health: -2/73      AC: 25    Str: 21    XL:     12   Next: 11%
Magic:  12/12      EV: 10    Int:  9    God:    Trog [***...]
Gold:   444        SH:  0    Dex: 19    Spells: 11/11 levels left

rFire   . . .        l - +1 hand axe (elec)
rCold   . . .        (no shield)
rNeg    + . .        y - +2 plate armour {Will+}
rPois   ∞            k - +1 helmet
rElec   +            h - +0 cloak
rCorr   .            (no gloves)
SInv    .            (no boots)
Will    +++..        g - amulet of regeneration Stlth
                     j - +6 ring of dexterity
HPRegen 2.12/turn    (no ring)
MPRegen 0.13/turn

%: no passive effects
@: strong-willed, on berserk cooldown, regenerating, slowed, very slow
A: sickness immunity, AC +8, negative energy resistance 1, electricity
resistance, torment resistance 1, petrification resistance, deformed body
a: Renounce Religion, Berserk, Trog's Hand


You were on level 10 of the Dungeon.
You worshipped Trog.
Trog was most pleased with you.
You visited 1 branch of the dungeon, and saw 10 of its levels.

You collected 444 gold pieces.

Inventory:

Hand Weapons
 l - a +1 hand axe of electrocution (weapon)
 q - a +0 flail of venom
 A - a +2 broad axe of flaming
Missiles
 u - 3 poisoned darts
Armour
 h - a +0 cloak (worn)
 k - a +1 helmet (worn)
 y - a +2 plate armour of willpower (worn)
Jewellery
 g - an amulet of regeneration (around neck)
 j - a +6 ring of dexterity (left hand)
 B - a +6 ring of strength
 C - a ring of willpower
Wands
 v - a wand of acid (12)
 w - a wand of charming (13)
Scrolls
 o - 2 scrolls of poison
 p - a scroll of vulnerability
 t - a scroll of enchant weapon
 x - a scroll of identify
 z - a scroll of immolation
Potions
 a - a potion of lignification {unknown}
 b - a potion of resistance
 m - a potion of might
 r - a potion of haste {unknown}
 D - 2 potions of enlightenment {unknown}
Miscellaneous
 s - a phantom mirror


   Skills:
 + Level 7.8 Fighting
 + Level 10.9 Axes
 + Level 0.3 Throwing
 * Level 12.9 Armour
 * Level 7.0 Dodging
 + Level 0.7 Stealth


You had 11 spell levels left.
You didn't know any spells.
Your spell library was empty.

Dungeon Overview and Level Annotations

Branches:
Dungeon (10/15)            Temple (0/1) D:6             Orc (0/2) D:10
   Lair: D:8-11

Altars:
Ashenzari
Nemelex Xobeh
Uskayaw
Wu Jian
Zin


Innate Abilities, Weirdness & Mutations

You are immune to sickness and miasma.
Your stone body is resilient. (AC +8)
You are immune to poison.
You resist negative energy. (rN+)
You are resistant to electric shocks. (rElec)
You are resistant to unholy torment.
You are immune to petrification.
Armour fits poorly on your strangely shaped body.


Message History

The boulder beetle is heavily wounded.
You hit the boulder beetle but do no damage.
Lightning courses through the boulder beetle!
You are no longer berserk.
You are exhausted.
You feel yourself slow down.
Your skin stops crawling.
You feel less strong-willed.
The boulder beetle leaps!
The boulder beetle bites you!
Found 16 gold pieces.
The boulder beetle curls into a ball and begins rolling!
The boulder beetle bites you but does no damage.
Unknown command.
Your skin crawls.
You feel strong-willed. The boulder beetle barely misses you.
The boulder beetle bites you!
* * * LOW HITPOINT WARNING * * *
The boulder beetle bites you.
* * * LOW HITPOINT WARNING * * *
The boulder beetle closely misses you.
The boulder beetle stops rolling and uncurls.
There is an open door, spattered with blood here.
Items here: $ ))).
Unknown command.
The boulder beetle attacks as it pursues you!
The boulder beetle bites you!
* * * LOW HITPOINT WARNING * * *
The boulder beetle bites you but does no damage.
You see here an acid dragon corpse.
You feel better. The boulder beetle bites you.
* * * LOW HITPOINT WARNING * * *
Throw: dart (curare)
Press: ? - help, Q - select action, (/) - cycle Shift-Dir - straight line, f - boulder beetle
Aim: a boulder beetle (heavily wounded, 90% to hit)
You throw a curare-tipped dart.
The curare-tipped dart barely misses the boulder beetle.
The curare-tipped dart completely misses the boulder beetle.
The boulder beetle bites you!
* * * LOW HITPOINT WARNING * * *
The boulder beetle bites you!
You die...

#...# #. ##.(.## .
#.....# .## ##..⌠..##
..# . #.......# #.#
....#.......#... #.#
$...'...B(..'...
#.############B######
#<#....# #..#@#
#.#>#..####..()#
#.###>.)).(..###
#...................
####################


You could see 2 boulder beetles.

Vanquished Creatures
  2 boulder beetles (D:9)
  3 two-headed ogres
  3 centaur warriors (D:9)
  The ghost of haldagan the Ruffian, a novice MiSh of Wu Jian (D:6)
  2 manticores
  The ghost of tish the Changeling, a novice OpWn of Fedhas (D:6)
  A cyclops (D:10)
  The ghost of pzskc383 the Chopper, a novice GrFi (D:6)
  Maggie (D:8)
  A yaktaur (D:9)
  An efreet (D:10)
  A meliai (D:10)
  3 hornets
  A blink frog (shapeshifter) (D:9)
  A slime creature (D:9)
  2 vampires
  6 yaks
  2 steam dragons
  An acid dragon (D:10)
  A water moccasin (D:5)
  Edmund (D:6)
  An orc warrior (D:9)
  2 black bears
  An ice beast (D:7)
  2 sky beasts
  An ogre (D:5)
  The ghost of flt the Firebug, an amateur DgFE (D:3)
  2 centaurs
  2 phantoms
  6 bullfrogs
  2 scorpions (D:5)
  A wight (D:10)
  12 killer bees
  A howler monkey (D:10)
  7 hounds
  Crazy Yiuf (D:2)
  3 jellies
  9 orc priests
  2 gnoll boudas
  5 orc wizards
  4 sleepcaps
  2 iguanas
  12 gnolls
  10 adders
  2 white imps
  3 ufetubi
  4 worms
  2 dart slugs
  19 orcs
  14 ball pythons
  A bat (D:1)
  7 endoplasms
  5 giant cockroaches
  5 goblins
  7 hobgoblins
  10 kobolds
  2 quokkas
  7 frilled lizards
  6 rats
219 creatures vanquished.

Notes
Turn   | Place    | Note
-------+----------+-------------------------------------------
     0 | D:1      | Gargoyl the Gargoyle Berserker began the quest for the Orb.
     0 | D:1      | Reached XP level 1. HP: 14/14 MP: 1/1
   190 | D:1      | Reached XP level 2. HP: 19/19 MP: 2/2
   451 | D:1      | Reached ** piety under Trog
   543 | D:1      | Reached XP level 3. HP: 24/24 MP: 3/3
  1167 | D:2      | Reached XP level 4. HP: 29/29 MP: 4/4
  1597 | D:2      | Found a runed translucent door.
  1598 | D:2      | Noticed Crazy Yiuf
  1777 | D:2      | Killed Crazy Yiuf
  1909 | D:3      | Reached XP level 5. HP: 33/33 MP: 5/5
  1915 | D:3      | Reached skill level 3 in Armour
  2178 | D:3      | Reached XP level 6. HP: 38/38 MP: 6/6
  2234 | D:3      | Found a broken altar of Ashenzari.
  2529 | D:3      | Reached *** piety under Trog
  2679 | D:3      | Found a runed translucent door.
  2680 | D:3      | Noticed flt's ghost (amateur DgFE)
  2694 | D:3      | Killed flt's ghost
  2839 | D:4      | Reached skill level 4 in Armour
  2848 | D:4      | Reached XP level 7. HP: 44/44 MP: 7/7
  2884 | D:4      | Reached skill level 5 in Axes
  3041 | D:4      | Found an ornate altar of the Wu Jian Council.
  3074 | D:4      | Found a sparkling altar of Nemelex Xobeh.
  3333 | D:5      | Entered Level 5 of the Dungeon
  3336 | D:5      | Gained mutation: Armour fits poorly on your strangely
                  | shaped body. [potion of mutation]
  3398 | D:5      | Found a glowing silver altar of Zin.
  3777 | D:5      | Reached XP level 8. HP: 48/48 MP: 8/8
  3779 | D:5      | Reached skill level 5 in Fighting
  3779 | D:5      | Reached skill level 5 in Armour
  4142 | D:6      | Found a staircase to the Ecumenical Temple.
  4257 | D:6      | Reached skill level 6 in Armour
  4335 | D:6      | Noticed Edmund
  4339 | D:6      | Killed Edmund
  4439 | D:6      | Reached XP level 9. HP: 54/54 MP: 9/9
  4661 | D:6      | Found a runed translucent gate.
  4663 | D:6      | Found a runed translucent gate.
  4663 | D:6      | Found a runed translucent gate.
  4666 | D:6      | Noticed pzskc383's ghost (novice GrFi)
  4666 | D:6      | Noticed haldagan's ghost (novice MiSh)
  4666 | D:6      | Noticed tish's ghost (novice OpWn)
  4871 | D:6      | Killed tish's ghost
  4872 | D:6      | Reached skill level 7 in Armour
  4881 | D:6      | Killed haldagan's ghost
  4891 | D:6      | Killed pzskc383's ghost
  4892 | D:6      | Reached skill level 8 in Armour
  5450 | D:7      | Found a hide-covered altar of Uskayaw.
  5450 | D:7      | Noticed a +0 dagger
  5450 | D:7      | Noticed a +0 dagger
  5450 | D:7      | Noticed a +0 short sword
  5451 | D:7      | Noticed a +0 spear
  5451 | D:7      | Noticed a +0 spear
  5453 | D:7      | Noticed a +0 falchion
  5455 | D:7      | Noticed a +0 falchion
  5458 | D:7      | Reached skill level 5 in Dodging
  5458 | D:7      | Reached XP level 10. HP: 60/60 MP: 10/10
  5459 | D:7      | Noticed a +0 short sword
  5732 | D:8      | Noticed a two-headed ogre
  5741 | D:7      | Killed a two-headed ogre
  5742 | D:7      | Reached skill level 9 in Armour
  6026 | D:8      | Noticed Maggie
  6044 | D:8      | Killed Maggie
  6140 | D:8      | Reached skill level 10 in Armour
  6878 | D:9      | Noticed a two-headed ogre
  6885 | D:9      | Killed a two-headed ogre
  7025 | D:9      | Reached XP level 11. HP: 55/66 MP: 11/11
  7095 | D:9      | Reached skill level 11 in Armour
  7447 | D:9      | Noticed a boulder beetle
  7475 | D:9      | Killed a boulder beetle
  7497 | D:9      | Noticed a centaur warrior
  7503 | D:9      | Killed a centaur warrior
  7504 | D:9      | Reached skill level 10 in Axes
  7516 | D:9      | Noticed a manticore
  7531 | D:9      | Killed a manticore
  7536 | D:9      | Noticed a centaur warrior
  7546 | D:9      | Killed a centaur warrior
  7547 | D:9      | Identified the +1 flail of Toadei {heavy, Str+2}
  7550 | D:9      | Noticed a boulder beetle
  7567 | D:9      | Killed a boulder beetle
  7594 | D:9      | Reached skill level 12 in Armour
  7630 | D:9      | Noticed a centaur warrior
  7640 | D:9      | Killed a centaur warrior
  7788 | D:10     | Entered Level 10 of the Dungeon
  7798 | D:10     | Found a staircase to the Orcish Mines.
  7838 | D:10     | Noticed a two-headed ogre
  7840 | D:10     | Noticed a manticore
  7863 | D:10     | Killed a manticore
  7917 | D:10     | Noticed a boulder beetle
  7930 | D:10     | Noticed a boulder beetle
  7936 | D:10     | Killed a two-headed ogre
  7937 | D:10     | Reached XP level 12. HP: 53/73 MP: 12/12
  7959 | D:10     | Slain by a boulder beetle

Illustrated notes

Levels and vault maps discovered:
D:1:      dpeg_arrival_short_road, layout_loops_ring
D:2:      layout_loops_ring, nicolae_eternal_life, uniq_crazy_yiuf_cottage
D:3:      layout_loops_ring, lemuel_crystal_altar,
          ebering_ghost_reflecting_pool, chequers_serial_rivers_micro_c
D:4:      layout_gridville, nemelex_dance_club_becter,
          mainiacjoe_overflow_alcove_4, minmay_checkerbox
D:5:      minmay_chambers_of_threes, layout_basic, mainiacjoe_overflow_24_doors
D:6:      layout_basic, minmay_temple_entry_crystal_x, gammafunk_ghost_cemetery,
          glass_columns_a, uniq_edmund
D:7:      layout_loops_ring, nicolae_uskayaw_en_pointe
D:8:      layout_basic, grunt_ministairs_3, uniq_maggie
D:9:      layout_gridville, minmay_evil_grid
D:10:     layout_long_grid, mainiacjoe_overflow_catch_the_wave,
          grunt_lair_entry_orc_guard_hut, orc_0_dummy, nicolae_rejected_hall

Skill      XL: |  1  2  3  4  5  6  7  8  9 10 11 12 |
---------------+-------------------------------------+-----
Axes           | 3 4 6 7 8 9 10 | 10.9
Dodging        | 2 3 4 5 6 7 |  7.0
Fighting       | 4 5 6 7 |  7.8
Armour         | 3 4 6 8 10 12 | 12.9
Throwing       | |  0.3
Stealth        | |  0.7

Action                     |  1- 3 |  4- 6 |  7- 9 | 10-12 || total
---------------------------+-------+-------+-------+-------++-------
  Melee: Hand axe          |   137 |   129 |   276 |   373 ||   915
         Punch             |       |       |     2 |     7 ||     9
  Throw: Dart              |       |       |       |     6 ||     6
 Invoke: Berserk           |       |     6 |     7 |    12 ||    25
         Trog's Hand       |       |     2 |     3 |    10 ||    15
    Use: Scroll            |     6 |     4 |     8 |     4 ||    22
         Potion            |       |       |     1 |     6 ||     7
 Armour: Animal skin       |    77 |       |       |       ||    77
         Scale mail        |    12 |       |       |       ||    12
         Plate armour      |       |   109 |   252 |   438 ||   799
  Dodge: Dodged            |    82 |    35 |   124 |   237 ||   478

Table legend: (Time is in decaauts)
 A = Elapsed time spent in this place.
 B = Non-inter-level travel time spent in this place.
 C = Inter-level travel time spent in this place.
 D = Time resting spent in this place.
 E = Time spent auto-exploring this place.
 F = Levels seen in this place.
 G = Mean time per level.
                   A        B        C        D        E       F      G
               +--------+--------+--------+--------+--------+-----+--------+
         Total |   8144 |   7794 |    350 |    316 |   5335 |  10 |  814.4 |
       Dungeon |   8144 |   7794 |    350 |    316 |   5335 |  10 |  814.4 |
               +--------+--------+--------+--------+--------+-----+--------+

Top non-repeatable levels by time:
     D:9: 1194 daAuts
     D:2: 1075 daAuts
     D:6: 1052 daAuts
     D:3: 960 daAuts
     D:7: 857 daAuts
     D:8: 833 daAuts
     D:1: 796 daAuts
     D:4: 609 daAuts
     D:5: 607 daAuts
    D:10: 157 daAuts
